Map: Old Republic LE

Players

FungusToken - Winner!

  • Race: Zerg Zerg
  • Spawn Location: 1:00

VOD

Have the link to the VOD?

Description

Time

  • Played on: June 15, 2026, 3:33 p.m.
  • Length: 18:33
Show
View Real Time Build Order
Export as new Build Order

FungusToken Zerg - Winner!

Build Orders:  

Get SALT Encoding   

  12  0:04  Drone  
  13  0:24  Overlord  
  13  0:27  Drone  
  14  0:49  Drone  
  15  1:11  Drone  
  15  1:12  Drone x2  
  18  1:39  Hatchery, Extractor  
  16  1:45  Spawning Pool  
  16  1:48  Drone  
  16  1:59  Drone  
  17  2:27  Drone x2  
  19  2:46  Drone x2  
  21  3:02  Overlord  
  21  3:19  Queen  
  23  3:32  Drone x2  
  23  3:37  Queen  
  27  4:04  Drone  
  28  4:10  Drone  
  28  4:11  Drone x3  
  28  4:15  Metabolic Boost  
  32  4:32  Drone x3  
  35  4:54  Overlord, Hatchery  
  34  5:06  Overlord  
  34  5:19  Queen  
  36  5:28  Overlord  
  36  5:44  Evolution Chamber  
  36  5:47  Evolution Chamber  
  34  5:52  Baneling Nest  
  34  5:58  Extractor  
  32  6:12  Queen  
  34  6:23  Zerg Melee Weapons Level 1  
  34  6:33  Drone x11  
  34  6:34  Drone x2  
  34  6:37  Lair  
  47  7:37  Zerg Ground Armor Level 1  
  47  7:44  Zergling x14  
  47  7:45  Zergling x8  
  47  7:47  Overlord  
  47  7:48  Overlord x3  
  47  7:49  Overlord  
  58  8:52  Overlord  
  58  8:53  Overlord x2, Drone  
  58  8:54  Drone x8  
  66  9:09  Centrifugal Hooks  
  66  9:57  Zerg Melee Weapons Level 2  
  66  10:20  Zergling x2  
  66  10:21  Zergling x36  
  66  10:22  Zergling x6  
  88  10:54  Hatchery  
  88  10:57  Hatchery x2  
  85  11:01  Hatchery  
  84  11:19  Zergling x2  
  69  11:20  Zergling x28  
  99  11:47  Extractor  
  99  11:49  Extractor  
  97  11:51  Zerg Ground Armor Level 2  
  97  12:12  Drone x7  
  97  12:13  Drone x8  
  112  12:37  Baneling x12  
  112  12:38  Baneling x10  
  112  12:50  Extractor  
  111  13:58  Zergling x4  
  111  13:59  Zergling x44  
  85  14:00  Zergling x22  
  135  14:08  Baneling x8  
  135  14:09  Baneling x12  
  146  14:14  Overlord x2  
  146  14:39  Overlord  
  146  14:40  Overlord x11  
  146  14:42  Zergling x10  
  146  14:43  Zergling x10  
  146  15:13  Baneling  
  146  15:14  Baneling x15  
  146  15:15  Baneling x9  
  146  15:16  Baneling  
  146  15:32  Zergling x2  
  146  15:33  Zergling x42  
  146  15:34  Zergling x10  
  173  15:51  Extractor  
  172  16:05  Baneling  
  172  16:06  Baneling x16  
  172  16:07  Baneling x3  
  172  16:19  Zergling x14  
  179  16:20  Zergling x38  
  198  16:52  Baneling  
  198  16:53  Baneling x17  
Tags
 
Add a new tag
Caveats
  • Supply blocks, unpowered buildings, or Contaminate may cause inaccurate times.
  • Supply counts are checked every 10 seconds.